AoeStats
← 超自然震動

Oasis

508469283Analyzed
4v4 RM · 11d ago on Sep 22, 2026· 68m 53s· 8 players
Game mode
Random Map
Map size
Large (8 player)
Population
200
Speed
Normal
Resources
Standard
Victory
Conquest
Starting age
Dark Age
Ending age
Imperial Age
RankedLock teamsTeams togetherTeam positionsShared explorationLock speedFull tech treeHidden civsTurbo modeCheats
Victory
Defeat
🇸🇪 Persians · Sweden
1057
+14
🇹🇷 Khmer · Türkiye
950
+18
🇹🇷 Huns · Türkiye
922
+19
🇪🇸 Maya · Spain
900
+20
🇮🇳 Varangians · India
1052
-20
🇹🇼 Saxons · Taiwan
1011
-18
🇪🇸 Danes · Spain
1008
-18
🇮🇳 Danes · India
927
-15
I like villager
6:56 Loom
13:45 Feudal Age
15:39 Double-Bit Axe
15:40 Horse Collar
16:28 Town Watch
22:15 Castle Age
20:51 Wheelbarrow
22:44 Town Watch
24:59 Stone Mining
25:00 Gold Mining
25:32 Squires
25:18 Gambesons
26:28 Town Patrol
28:15 Ballistics
28:33 Hand Cart
28:53 Bow Saw
29:00 Arson
33:31 Hamask
35:35 Scale Mail Armor
35:46 Forging
47:09 Imperial Age
44:44 Town Patrol
47:40 Thumb Ring
I like sheep
6:37 Loom
8:57 Feudal Age
9:25 Double-Bit Axe
11:51 Bloodlines
14:29 Horse Collar
19:59 Scale Barding Armor
22:44 Castle Age
21:45 Gold Mining
24:36 Wheelbarrow
24:46 Chain Barding Armor
24:39 Forging
25:18 Scale Mail Armor
25:16 Arson
27:10 Iron Casting
26:58 Squires
27:23 Bow Saw
28:15 Gambesons
32:53 Imperial Age
32:55 Husbandry
34:04 Chain Mail Armor
34:50 Blast Furnace
35:13 Heavy Plow
36:49 Plate Mail Armor
36:49 Light Cavalry
37:18 Elite Varangian Guard
38:22 Cavalier
40:58 Conscription
43:16 Vendel Legacy
46:25 Hussar
49:27 Chain Barding Armor
56:58 Plate Barding Armor
59:34 Plate Barding Armor
60:18 Elite Skirmisher
66:30 Caravan
Elamb
7:32 Loom
10:41 Feudal Age
11:16 Man-at-Arms
12:55 Arson
14:58 Forging
14:50 Scale Mail Armor
18:26 Double-Bit Axe
21:30 Castle Age
20:22 Scale Barding Armor
20:45 Gold Mining
20:37 Horse Collar
23:23 Chain Barding Armor
25:15 Iron Casting
26:56 Wheelbarrow
26:35 Town Watch
33:26 Heavy Plow
37:59 Imperial Age
36:51 Hand Cart
37:26 Gold Shaft Mining
37:50 Bloodlines
37:41 Husbandry
38:33 Masonry
38:48 Bow Saw
40:37 Plate Barding Armor
41:02 Blast Furnace
40:03 Gambesons
40:19 Squires
39:57 Capped Ram
43:10 Chemistry
42:41 Fletching
42:51 Padded Archer Armor
44:24 Town Patrol
44:48 Ballistics
44:34 Siege Engineers
44:27 Bodkin Arrow
44:47 Leather Archer Armor
44:41 Thumb Ring
45:33 Elite Varangian Guard
47:05 Conscription
46:11 Hamask
46:38 Elite Skirmisher
48:34 Caravan
48:24 Onager
48:24 Siege Ram
49:35 Stone Mining
50:22 Ring Archer Armor
49:53 Bracer
50:23 Ring Archer Armor
50:09 Chain Mail Armor
49:20 Heavy Scorpion
50:50 Bracer
52:22 Chain Mail Armor
51:52 Siege Onager
55:19 Siege Ram
59:38 Stone Shaft Mining
60:42 Plate Mail Armor
59:45 Pikeman
60:40 Murder Holes
60:49 Crossbowman
62:42 Halberdier
65:17 Northmen's Fury
超自然震動
11:58 Feudal Age
13:00 Double-Bit Axe
15:22 Castle Age
13:06 Horse Collar
13:26 Gold Mining
14:04 Stone Mining
14:55 Loom
15:57 Scale Mail Armor
16:52 Wheelbarrow
18:38 Treadmill Crane
25:46 Squires
27:51 Bow Saw
28:25 Town Watch
28:53 Heavy Plow
29:43 Chain Mail Armor
30:47 Ballistics
32:47 Masonry
35:53 Imperial Age
33:47 Fletching
34:11 Arson
35:38 Forging
35:24 Bodkin Arrow
35:49 Pikeman
36:01 Elite Varangian Guard
37:32 Plate Mail Armor
37:43 Conscription
38:46 Hand Cart
40:00 Iron Casting
41:03 Fortified Wall
43:52 Gambesons
43:55 Shield Wall
44:54 Pikeman
45:32 Halberdier
46:55 Padded Archer Armor
49:13 Padded Archer Armor
49:09 Elite Skirmisher
52:39 Crop Rotation
53:21 Thumb Ring
53:49 Leather Archer Armor
54:07 Bracer
56:25 Chemistry
57:04 Ring Archer Armor
andber
1:25 Loom
12:19 Feudal Age
17:45 Castle Age
17:32 Double-Bit Axe
24:06 Husbandry
25:13 Horse Collar
29:36 Bow Saw
33:01 Imperial Age
30:46 Gold Mining
31:23 Heavy Plow
32:57 Bloodlines
33:26 Wheelbarrow
32:56 Capped Ram
33:21 Cavalier
34:38 Scale Barding Armor
34:44 Forging
37:50 Iron Casting
38:49 Chain Barding Armor
39:21 Savar
41:29 Hand Cart
41:10 Town Watch
41:24 Fletching
46:41 Two-Man Saw
47:53 Blast Furnace
47:34 Plate Barding Armor
46:55 Bodkin Arrow
47:21 Town Patrol
53:00 Caravan
53:54 Stone Mining
56:09 Conscription
55:30 Siege Ram
56:33 Ballistics
57:13 Chemistry
56:10 Murder Holes
56:25 Masonry
62:08 Architecture
65:26 Elite War Elephant
jorgedelapp
0:29 Loom
10:59 Feudal Age
12:42 Wheelbarrow
11:52 Town Watch
11:58 Double-Bit Axe
12:29 Horse Collar
15:52 Gold Mining
21:50 Castle Age
20:30 Stone Mining
20:53 Fletching
21:04 Padded Archer Armor
22:50 Bow Saw
24:21 Heavy Plow
26:10 Ballistics
26:56 Hand Cart
27:57 Bodkin Arrow
28:18 Leather Archer Armor
30:00 Caravan
31:36 Fervor
32:55 Murder Holes
36:56 Imperial Age
37:42 Bracer
38:13 Ring Archer Armor
38:47 Chemistry
37:18 Elite Plumed Archer
38:19 Conscription
37:53 Eagle Warrior
38:34 Squires
38:19 Arson
40:54 Forging
40:45 Scale Mail Armor
42:18 Elite Eagle Warrior
43:37 Iron Casting
43:18 Chain Mail Armor
46:36 Plate Mail Armor
53:58 Blast Furnace
55:45 Town Patrol
Nightman
13:15 Feudal Age
15:10 Loom
18:55 Castle Age
18:59 Double-Bit Axe
18:58 Horse Collar
20:21 Squires
26:19 Heavy Plow
27:20 Gold Mining
29:48 Bow Saw
30:02 Stone Mining
32:44 Thumb Ring
37:44 Imperial Age
35:53 Wheelbarrow
35:07 Town Watch
36:47 Padded Archer Armor
36:38 Fletching
36:58 Forging
42:04 Parthian Tactics
42:28 Heavy Cavalry Archer
45:12 Gold Shaft Mining
45:42 Two-Man Saw
44:19 Crossbowman
45:32 Conscription
45:30 Bodkin Arrow
45:51 Leather Archer Armor
46:13 Iron Casting
48:17 Ballistics
48:58 Chemistry
48:44 Bracer
50:37 Blast Furnace
49:53 Masonry
51:40 Elite Skirmisher
54:38 Scale Barding Armor
54:46 Bloodlines
55:51 Light Cavalry
56:58 Husbandry
58:00 Cavalier
59:49 Chain Barding Armor
61:35 Hussar
68:18 Plate Barding Armor
YemYesiL
11:18 Feudal Age
10:24 Loom
15:39 Castle Age
14:41 Double-Bit Axe
25:36 Horse Collar
Connection lost

Rejoining the realm…

Still unreachable

The connection could not be restored.

Session expired

The server has moved on; the page needs a fresh start.